 Dungeon Crawl Stone Soup version 0.20.1-1-g8b1a95d (webtiles) character file.

60 Reinor the Magician (level 3, 0/16 HPs)
             Began as a Spriggan Earth Elementalist on July 17, 2017.
             Slain by Jessica (4 damage)
             ... on level 3 of the Dungeon.
             The game lasted 00:08:07 (2286 turns).

Reinor the Magician (Spriggan Earth Elementalist)   Turns: 2286, Time: 00:08:08

Health: 0/16       AC:  2    Str:  4    XL:     3   Next: 80%
Magic:  1/9        EV: 18    Int: 17    God:
Gold:   112        SH:  0    Dex: 16    Spells: 4/10 levels left

rFire    . . .     SeeInvis +   k - +0 dagger
rCold    . . .     Gourm    .   (shield restricted)
rNeg     . . .     Faith    .   c - +0 robe
rPois    .         Spirit   .   (helmet restricted)
rElec    .         Reflect  .   (no cloak)
rCorr    .         Harm     .   (gloves unavailable)
MR       .....                  (boots unavailable)
Stlth    ++........             (no amulet)
Regen    0.1/turn               (no ring)
MPRegen  0.2/turn               (no ring)

@: very quick
A: unfitting armour, see invisible, herbivore 3, speed 3, slow metabolism 2
a: no special abilities


You were on level 3 of the Dungeon.
You were not hungry.

You visited 1 branch of the dungeon, and saw 3 of its levels.

You collected 112 gold pieces.

Inventory:

Hand Weapons
 k - a +0 dagger (weapon)
Missiles
 b - 70 stones (quivered)
Armour
 c - a +0 robe (worn)
Jewellery
 h - an uncursed ring of protection from magic {unknown}
Scrolls
 g - 5 scrolls of identify {unknown}
 i - 2 scrolls of fear {unknown}
 l - a scroll of noise {unknown}
 m - a scroll of enchant weapon {unknown}
 o - a scroll of magic mapping {unknown}
 p - 2 scrolls of teleportation {unknown}
 q - a scroll of blinking {unknown}
 s - a scroll of recharging {unknown}
 t - a scroll of remove curse {unknown}
Potions
 a - a potion of lignification {unknown}
 f - 2 potions of curing {unknown}
 j - a potion of heal wounds {unknown}
 r - a potion of flight {unknown}
Books
 e - a book of Geomancy

   Spells                             Type                      Level
   a - Sandblast                      Earth                        1
   b - Passwall                       Transmutation/Earth          2
   c - Stone Arrow                    Conjuration/Earth            3
   d - Petrify                        Transmutation/Earth          4
   e - Lee's Rapid Deconstruction     Earth                        5
Comestibles
 d - 3 bread rations
 n - 3 royal jellies


   Skills:
 - Level 3.0 Dodging
 - Level 3.0 Stealth
 + Level 4.0 Spellcasting
 + Level 0.2 Conjurations
 - Level 1.3 Transmutations
 + Level 3.6 Earth Magic


You had 4 spell levels left.
You knew the following spells:

 Your Spells              Type           Power        Failure   Level  Hunger
a - Sandblast             Erth           ###...       3%          1    None
b - Passwall              Tmut/Erth      ##........   9%          2    ##.....
c - Stone Arrow           Conj/Erth      #.....       22%         3    ###....


Dungeon Overview and Level Annotations

Branches:
Dungeon (3/15)

Altars:
Elyvilon
Ru
Yredelemnul

Annotations:
D:3 Jessica


Innate Abilities, Weirdness & Mutations

You are very small and have problems with some larger weapons.
You are too small for most types of armour.
You have supernaturally acute eyesight. (SInv)
You are a herbivore.
You cover ground extremely quickly.
You need consume almost no food.


Message History

The bat completely misses you. The bat misses you.
You miss the bat.
The bat is moderately wounded.
The bat barely misses you.
You miss the bat. The bat misses you. The bat closely misses you.
Casting: Sandblast
Confirm with . or Enter, or press ? or * to list all spells.
Aiming: Sandblast
Press: ? - help, Shift-Dir - straight line, f - bat, p - orc
Aim: a bat The blast of sand hits the bat.
You kill the bat!
b - 70 stones You hear a shout!
Jessica the Apprentice Sorceress comes into view.
Jessica closely misses you.
You see here a bat corpse.
Jessica hits you.
You die...

######## #.......
#....... ####
#...<... #...
#.......
#...##########.......
#...#.†.og.).........
#...@@#########..####
#..................##
#...##########.#.#g..
#... #...#.###. #...
#[##..# #( ####
#.##.## ## #######
#.##.# #
##.....###.#..# #.
##.......#..#.## ...


You could see Jessica, an orc and a goblin.

Vanquished Creatures
  An adder (D:2)
  An ooze (D:2)
  A dart slug (D:1)
  A leopard gecko (D:3)
  3 orcs (D:3)
  4 giant cockroaches
  4 goblins
  6 hobgoblins
  2 jackals (D:1)
  A quokka (D:3)
  A ball python (D:2)
  7 bats
  A frilled lizard (D:2)
  A jackal skeleton (D:3)
  A kobold (D:2)
  4 rats
39 creatures vanquished.

Notes
Turn   | Place    | Note
-------+----------+-------------------------------------------
     0 | D:1      | Reinor the Spriggan Earth Elementalist began the quest for the Orb.
     0 | D:1      | Reached XP level 1. HP: 9/9 MP: 5/5
   445 | D:1      | Reached skill level 3 in Spellcasting
   500 | D:1      | Reached XP level 2. HP: 13/13 MP: 5/7
  1197 | D:2      | Reached XP level 3. HP: 15/16 MP: 6/9
  1720 | D:2      | Found a basalt altar of Yredelemnul.
  1884 | D:2      | Found a white marble altar of Elyvilon.
  2058 | D:3      | Found a sacrificial altar of Ru.
  2167 | D:3      | Reached skill level 4 in Spellcasting
  2177 | D:3      | Learned a level 2 spell: Passwall
  2181 | D:3      | Learned a level 3 spell: Stone Arrow
  2284 | D:3      | Noticed Jessica
  2286 | D:3      | Slain by Jessica

Skill      XL: |  1  2  3 |
---------------+----------+-----
Spellcasting   | 3 4 |  4.0
Earth Magic    | 3 |  3.6
Dodging        | |  3.0
Stealth        | |  3.0
Conjurations   | |  0.2
Transmutations | |  1.3

Action                   || total
-------------------------++-------
Melee: Unarmed           ||     5
       Dagger            ||    74
 Cast: Sandblast         ||    42
 Stab: Sleeping          ||     9
Armor: Robe              ||     5
Dodge: Dodged            ||    87
